AoeStats
← EXILE | NOPALITO

Golden Pit

510111556Analyzed
1v1 RM · 3d ago on Sep 29, 2026· 30m 48s· 2 players
Game mode
Random Map
Map size
Tiny (2 player)
Population
200
Speed
Normal
Resources
Standard
Victory
Conquest
Starting age
Dark Age
Ending age
Imperial Age
RankedLock teamsTeams togetherTeam positionsShared explorationLock speedFull tech treeHidden civsTurbo modeCheats
Victory
Defeat
🇨🇳 Lithuanians · China
1281
+17
🇺🇸 Varangians · United States
1296
-17
Poppy
6:10 Loom
8:50 Feudal Age
10:11 Double-Bit Axe
11:02 Horse Collar
18:44 Fletching
19:30 Scale Barding Armor
23:44 Castle Age
22:14 Forging
22:44 Bloodlines
24:18 Wheelbarrow
25:28 Iron Casting
26:46 Husbandry
27:08 Chain Barding Armor
27:53 Bow Saw
28:03 Light Cavalry
28:03 Light Cavalry
30:01 Fervor
EXILE | NOPALITO
7:41 Loom
9:59 Feudal Age
10:08 Man-at-Arms
17:36 Fletching
19:01 Town Watch
19:42 Double-Bit Axe
24:28 Castle Age
23:10 Padded Archer Armor
25:17 Bodkin Arrow
24:43 Crossbowman
27:34 Wheelbarrow
28:48 Bow Saw
29:02 Horse Collar
Connection lost

Rejoining the realm…

Still unreachable

The connection could not be restored.

Session expired

The server has moved on; the page needs a fresh start.